DBL
OAKLAND ATHLETICS @ BALTIMORE ORIOLES
06/21/1997
 
TOP OF THE 1ST
Oakland Athletics batting - Pitching for Baltimore Orioles : LHP David Wells
Pitching: LHP David Wells
Batting: RHB Rickey Henderson 0-0: Foul Ball, location: 2F
0-1: Ball
1-1: Called Strike
1-2: SINGLE (Groundball, 56D, EV 98.8 MPH)
Batting: SHB Geronimo Pena 0-0: Called Strike
0-1: Called Strike
0-2: Ball
1-2: Ball
2-2: Fly out, F4 (Popup, 4MD, EV 71.9 MPH)
Batting: LHB John Olerud 0-0: Called Strike
0-1: Foul Ball, location: 2F
0-2: Grounds into double play, 4-6-3 (Groundball, 4, EV 78.1 MPH)
Top of the 1st over - 0 runs, 1 hit, 0 errors, 0 left on base; Oakland 0 - Baltimore 0
BOTTOM OF THE 1ST
Baltimore Orioles batting - Pitching for Oakland Athletics : RHP Todd Van Poppel
Pitching: RHP Todd Van Poppel
Batting: LHB Johnny Damon 0-0: Ball
1-0: Fly out, F8 (Line Drive, 8LM, EV 90.6 MPH)
Batting: LHB Bill Spiers 0-0: Ground out 6-3 (Groundball, 6M, EV 109.4 MPH)
Batting: LHB Kenny Lofton 0-0: Ball
1-0: Called Strike
1-1: Ball
2-1: Ball
3-1: Base on Balls
Batting: LHB Matt Franco 0-0: Ball
1-0: Ball
2-0: Foul Ball, location: 2F
2-1: Swinging Strike
Passed Ball!
Kenny Lofton to second
2-2: Ball
3-2: Base on Balls
Batting: RHB Kelly Gruber 0-0: SINGLE (Line Drive, 78S, EV 109.4 MPH)
Kenny Lofton to third
Matt Franco to second
Runner from 3rd tries for Home, SAFE, throw by LF to home
Batting: RHB Lyle Mouton 0-0: Ball
1-0: Ground out U3 (Groundball, 3S, EV 91.9 MPH)
Bottom of the 1st over - 1 run, 1 hit, 0 errors, 2 left on base; Oakland 0 - Baltimore 1
TOP OF THE 2ND
Oakland Athletics batting - Pitching for Baltimore Orioles : LHP David Wells
Batting: RHB Jay Buhner 0-0: Ball
1-0: Swinging Strike
1-1: Ball
2-1: Fly out, F9 (Flyball, 9S, EV 89.4 MPH)
Batting: RHB Herbert Perry 0-0: Ball
1-0: Foul Ball, location: 2F
1-1: Called Strike
1-2: Foul Ball, location: 2F
1-2: Foul Ball, location: 2F
1-2: Ball
2-2: Strikes out swinging
Batting: RHB Benito Santiago 0-0: Foul Ball, location: 2F
0-1: DOUBLE (Flyball, 8LXD, EV 96.3 MPH)
Batting: RHB Greg Vaughn 0-0: Called Strike
0-1: Ball
1-1: Ball
2-1: Ball
3-1: Base on Balls
Batting: SHB Devon White 0-0: Called Strike
0-1: Fly out, F8 (Line Drive, 8RD, EV 93.8 MPH)
Top of the 2nd over - 0 runs, 1 hit, 0 errors, 2 left on base; Oakland 0 - Baltimore 1
BOTTOM OF THE 2ND
Baltimore Orioles batting - Pitching for Oakland Athletics : RHP Todd Van Poppel
Batting: LHB Matt Nokes 0-0: Called Strike
0-1: Ball
1-1: Swinging Strike
1-2: Ground out U3 (Groundball, 3, EV 109.4 MPH)
Batting: RHB Alvaro Espinoza 0-0: Ball
1-0: SINGLE (Line Drive, 89M, EV 93.8 MPH)
Batting: RHB Ed Sprague Jr. 0-0: Foul Ball, location: 2F
0-1: Ball
1-1: Ball
2-1: Called Strike
2-2: Foul Ball, location: 2F
2-2: Foul Ball, location: 2F
2-2: Ball
3-2: Foul Ball, location: 2F
3-2: Strikes out looking
Batting: LHB Johnny Damon 0-0: Fly out, F6 (Line Drive, 6, EV 67.5 MPH)
Bottom of the 2nd over - 0 runs, 1 hit, 0 errors, 1 left on base; Oakland 0 - Baltimore 1
TOP OF THE 3RD
Oakland Athletics batting - Pitching for Baltimore Orioles : LHP David Wells
Batting: RHB Benji Gil 0-0: Foul Ball, location: 2F
0-1: SOLO HOME RUN (Flyball, 78XD, EV 114.4 MPH), Distance : 422 ft
Batting: RHB Rickey Henderson 0-0: Ball
1-0: SINGLE (Groundball, 56D, EV 105.6 MPH)
Batting: SHB Geronimo Pena 0-0: Sac Bunt to 23 - play at first, batter OUT! 3-4
Rickey Henderson to second
Batting: LHB John Olerud 0-0: Called Strike
Rickey Henderson steals 3rd base
0-1: 2-RUN HOME RUN (Flyball, 89XD, EV 100.0 MPH), Distance : 404 ft
Batting: RHB Jay Buhner 0-0: Foul Ball, location: 2F
0-1: Ball
1-1: Ball
2-1: SOLO HOME RUN (Flyball, 8LXD, EV 109.4 MPH), Distance : 418 ft
Batting: RHB Herbert Perry 0-0: Ball
1-0: Foul Ball, location: 2F
1-1: Foul Ball, location: 2F
1-2: Ball
2-2: Ball
3-2: Strikes out swinging, 2-3 out at first.
Batting: RHB Benito Santiago 0-0: Ball
1-0: Swinging Strike
1-1: Swinging Strike
1-2: Ball
2-2: Fly out, F7 (Flyball, 7D, EV 104.4 MPH)
Top of the 3rd over - 4 runs, 4 hits, 0 errors, 0 left on base; Oakland 4 - Baltimore 1
BOTTOM OF THE 3RD
Baltimore Orioles batting - Pitching for Oakland Athletics : RHP Todd Van Poppel
Batting: LHB Bill Spiers 0-0: Foul Ball, location: 2F
0-1: Called Strike
0-2: Foul Ball, location: 2F
0-2: Strikes out swinging
Batting: LHB Kenny Lofton 0-0: Ball
1-0: Ball
2-0: Called Strike
2-1: Ground out 4-3 (Groundball, 34, EV 90.6 MPH)
Batting: LHB Matt Franco 0-0: Hit by Pitch
Batting: RHB Kelly Gruber 0-0: Swinging Strike
0-1: Ball
1-1: Swinging Strike
1-2: Ball
2-2: Strikes out swinging
Bottom of the 3rd over - 0 runs, 0 hits, 0 errors, 1 left on base; Oakland 4 - Baltimore 1
TOP OF THE 4TH
Oakland Athletics batting - Pitching for Baltimore Orioles : LHP David Wells
Batting: RHB Greg Vaughn 0-0: Ground out 1-3 (Groundball, 13, EV 85.0 MPH)
Batting: SHB Devon White 0-0: SINGLE (Groundball, 34D, EV 94.4 MPH)
Batting: RHB Benji Gil 0-0: Ball
1-0: Swinging Strike
1-1: Foul Ball, location: 2F
1-2: Ball
2-2: Strikes out swinging
Batting: RHB Rickey Henderson 0-0: Ball
1-0: Called Strike
1-1: Ball
2-1: Fly out, F7 (Flyball, 78D, EV 105.6 MPH)
Top of the 4th over - 0 runs, 1 hit, 0 errors, 1 left on base; Oakland 4 - Baltimore 1
BOTTOM OF THE 4TH
Baltimore Orioles batting - Pitching for Oakland Athletics : RHP Todd Van Poppel
Batting: RHB Lyle Mouton 0-0: Called Strike
0-1: Foul Ball, location: 2F
0-2: Ball
1-2: Ball
2-2: Strikes out swinging, 2-3 out at first.
Batting: LHB Matt Nokes 0-0: Ball
1-0: Ball
2-0: Foul Ball, location: 2F
2-1: Ball
3-1: Swinging Strike
3-2: Strikes out looking
Batting: RHB Alvaro Espinoza 0-0: Ball
1-0: Called Strike
1-1: Swinging Strike
1-2: Ground out 5-3 (Groundball, 56S, EV 83.1 MPH)
Bottom of the 4th over - 0 runs, 0 hits, 0 errors, 0 left on base; Oakland 4 - Baltimore 1
TOP OF THE 5TH
Oakland Athletics batting - Pitching for Baltimore Orioles : LHP David Wells
Batting: SHB Geronimo Pena 0-0: Swinging Strike
0-1: Ground out 3-1 (Groundball, 34, EV 101.3 MPH)
Batting: LHB John Olerud 0-0: Ball
1-0: Foul Ball, location: 2F
1-1: Ball
2-1: Fly out, F7 (Flyball, 7S, EV 86.9 MPH)
Batting: RHB Jay Buhner 0-0: Called Strike
0-1: Ground out 1-3 (Groundball, 13S, EV 75.0 MPH)
Top of the 5th over - 0 runs, 0 hits, 0 errors, 0 left on base; Oakland 4 - Baltimore 1
BOTTOM OF THE 5TH
Baltimore Orioles batting - Pitching for Oakland Athletics : RHP Todd Van Poppel
Batting: RHB Ed Sprague Jr. 0-0: Foul Ball, location: 2F
0-1: Ball
1-1: Ball
2-1: Foul Ball, location: 2F
2-2: Strikes out swinging
Batting: LHB Johnny Damon 0-0: Ball
1-0: Called Strike
1-1: Foul Ball, location: 2F
1-2: Ground out 4-3 (Groundball, 4, EV 94.4 MPH)
Batting: LHB Bill Spiers 0-0: Ball
1-0: Ball
2-0: Called Strike
2-1: Ground out 1-3 (Groundball, 13S, EV 68.1 MPH)
Bottom of the 5th over - 0 runs, 0 hits, 0 errors, 0 left on base; Oakland 4 - Baltimore 1
TOP OF THE 6TH
Oakland Athletics batting - Pitching for Baltimore Orioles : LHP David Wells
Batting: RHB Herbert Perry 0-0: Ball
1-0: Ball
2-0: Called Strike
2-1: Called Strike
2-2: Ball
3-2: Foul Ball, location: 2F
3-2: Foul Ball, location: 2F
3-2: Ground out 6-3 (Groundball, 6, EV 101.9 MPH)
Batting: RHB Benito Santiago 0-0: Foul Ball, location: 2F
0-1: Ball
1-1: Called Strike
1-2: Ball
2-2: Strikes out looking
Batting: RHB Greg Vaughn 0-0: Foul Ball, location: 2F
0-1: Foul Ball, location: 2F
0-2: Ball
1-2: Ball
2-2: Strikes out swinging
Top of the 6th over - 0 runs, 0 hits, 0 errors, 0 left on base; Oakland 4 - Baltimore 1
BOTTOM OF THE 6TH
Baltimore Orioles batting - Pitching for Oakland Athletics : RHP Todd Van Poppel
Batting: LHB Kenny Lofton 0-0: Bunted foul
0-1: Swinging Strike
0-2: Foul Ball, location: 2F
0-2: Ball
1-2: Ground out 3-1 (Groundball, 34S, EV 85.6 MPH)
Batting: LHB Matt Franco 0-0: Called Strike
0-1: Swinging Strike
0-2: Ball
1-2: Ball
2-2: Foul Ball, location: 2F
2-2: Foul Ball, location: 2F
2-2: Ball
3-2: Strikes out swinging
Batting: RHB Kelly Gruber 0-0: Ball
1-0: Foul Ball, location: 2F
1-1: Ball
2-1: Foul Ball, location: 2F
2-2: Foul Ball, location: 2F
2-2: Strikes out swinging
Bottom of the 6th over - 0 runs, 0 hits, 0 errors, 0 left on base; Oakland 4 - Baltimore 1
TOP OF THE 7TH
Oakland Athletics batting - Pitching for Baltimore Orioles : LHP David Wells
Batting: SHB Devon White 0-0: Called Strike
0-1: Ball
1-1: Ball
2-1: Ball
3-1: Base on Balls
Batting: RHB Benji Gil Pickoff Throw to First - Out! 1-3
0-0: Ball
1-0: Swinging Strike
1-1: Swinging Strike
1-2: Foul Ball, location: 2F
1-2: Strikes out swinging
Batting: RHB Rickey Henderson 0-0: Foul Ball, location: 2F
0-1: Foul Ball, location: 2F
0-2: Foul Ball, location: 2F
0-2: Fly out, F7 (Flyball, 78S, EV 88.1 MPH)
Top of the 7th over - 0 runs, 0 hits, 0 errors, 0 left on base; Oakland 4 - Baltimore 1
BOTTOM OF THE 7TH
Baltimore Orioles batting - Pitching for Oakland Athletics : RHP Todd Van Poppel
Batting: RHB Lyle Mouton 0-0: Ball
1-0: SOLO HOME RUN (Flyball, 7LD, EV 104.4 MPH), Distance : 344 ft
Batting: LHB Matt Nokes 0-0: Ball
1-0: Called Strike
1-1: Ground out 4-3 (Groundball, 4D, EV 106.9 MPH)
Batting: RHB Alvaro Espinoza 0-0: Ball
1-0: Ground out 6-3 (Groundball, 6, EV 101.3 MPH)
Batting: RHB Ed Sprague Jr. 0-0: Ball
1-0: Ball
2-0: Foul Ball, location: 2F
2-1: Ground out 6-3 (Groundball, 6, EV 85.6 MPH)
Bottom of the 7th over - 1 run, 1 hit, 0 errors, 0 left on base; Oakland 4 - Baltimore 2
TOP OF THE 8TH
Oakland Athletics batting - Pitching for Baltimore Orioles : LHP David Wells
Batting: SHB Geronimo Pena 0-0: Ball
1-0: Ball
2-0: Ball
3-0: Base on Balls
Pitching: RHP T J Mathews
Batting: LHB John Olerud 0-0: Called Strike
0-1: Ball
1-1: Ball
2-1: Fly out, F8 (Flyball, 8RM, EV 95.0 MPH)
Batting: RHB Jay Buhner 0-0: Foul Ball, location: 2F
0-1: Ball
1-1: Ball
2-1: Ball
3-1: Base on Balls
Geronimo Pena to second
Batting: RHB Herbert Perry 0-0: Called Strike
0-1: 3-RUN HOME RUN (Flyball, 7D, EV 108.1 MPH), Distance : 364 ft
Batting: RHB Benito Santiago 0-0: Ball
1-0: Fly out, F8 (Flyball, 8RD, EV 99.4 MPH)
Batting: RHB Greg Vaughn 0-0: Ball
1-0: Called Strike
1-1: Called Strike
1-2: Strikes out swinging
Top of the 8th over - 3 runs, 1 hit, 0 errors, 0 left on base; Oakland 7 - Baltimore 2
BOTTOM OF THE 8TH
Baltimore Orioles batting - Pitching for Oakland Athletics : RHP Todd Van Poppel
Batting: LHB Johnny Damon 0-0: Ball
1-0: Ball
2-0: Ball
3-0: Called Strike
3-1: Base on Balls
Pitching: RHP Jeff C D'Amico
Batting: LHB Bill Spiers 0-0: Ball
1-0: Foul Ball, location: 2F
1-1: Ground out 6-3 (Groundball, 6, EV 85.6 MPH)
Johnny Damon to second
Batting: LHB Kenny Lofton 0-0: Ball
1-0: Foul Ball, location: 2F
1-1: Ground out 4-3 (Groundball, 34, EV 101.9 MPH)
Johnny Damon to third
Batting: LHB Matt Franco 0-0: Ground out 4-3 (Groundball, 4, EV 81.9 MPH)
Bottom of the 8th over - 0 runs, 0 hits, 0 errors, 1 left on base; Oakland 7 - Baltimore 2
TOP OF THE 9TH
Oakland Athletics batting - Pitching for Baltimore Orioles : RHP T J Mathews
Batting: SHB Devon White 0-0: Called Strike
0-1: Ball
1-1: Ball
2-1: Ball
3-1: Foul Ball, location: 2F
3-2: Base on Balls
Pitching: RHP Hector Fajardo
Batting: RHB Benji Gil 0-0: Foul Ball, location: 2F
0-1: Fly out, F7 (Flyball, 7, EV 77.5 MPH)
Batting: RHB Rickey Henderson 0-0: Ball
Devon White steals 2nd base
1-0: Ball
2-0: Ground out U3 (Groundball, 3S, EV 78.8 MPH)
Devon White to third
Batting: SHB Geronimo Pena 0-0: Ball
1-0: Ball
2-0: Called Strike
2-1: Foul Ball, location: 2F
2-2: Strikes out swinging
Top of the 9th over - 0 runs, 0 hits, 0 errors, 1 left on base; Oakland 7 - Baltimore 2
BOTTOM OF THE 9TH
Baltimore Orioles batting - Pitching for Oakland Athletics : RHP Jeff C D'Amico
Batting: RHB Kelly Gruber 0-0: Called Strike
0-1: Ball
1-1: Foul Ball, location: 2F
1-2: Strikes out swinging
Batting: RHB Lyle Mouton 0-0: Ball
1-0: Foul Ball, location: 2F
1-1: Ball
2-1: Ball
3-1: Base on Balls
Batting: LHB Matt Nokes 0-0: Ball
1-0: 2-RUN HOME RUN (Flyball, 9D, EV 89.4 MPH), Distance : 381 ft
Batting: RHB Alvaro Espinoza 0-0: Ball
1-0: Ball
2-0: Foul Ball, location: 2F
2-1: Ground out 1-3 (Groundball, 15, EV 68.8 MPH)
Batting: RHB Ed Sprague Jr. 0-0: Called Strike
0-1: Ball
1-1: Ball
2-1: Ball
3-1: Called Strike
3-2: Base on Balls
Batting: LHB Johnny Damon 0-0: Ball
1-0: Foul Ball, location: 2F
1-1: Ball
2-1: Foul Ball, location: 2F
2-2: Ball
3-2: Foul Ball, location: 2F
3-2: Strikes out swinging
Bottom of the 9th over - 2 runs, 1 hit, 0 errors, 1 left on base; Oakland 7 - Baltimore 4
Friday, February 27th, 2026 - OOTP Baseball 20.8 Build 74